 Dungeon Crawl Stone Soup version 0.31-a0-75-g6fe912e8c5 (webtiles) character file.

Game seed: 4429196086410025262

4575 dohliylev the Grappler (level 10, -9/91 HPs)
             Began as a Troll Warper on May 23, 2023.
             Was an Initiate of the Shining One.
             Mangled by a yak (11 damage)
             ... on level 8 of the Dungeon.
             The game lasted 00:19:23 (6212 turns).

dohliylev the Grappler (Troll Warper)               Turns: 6212, Time: 00:19:24

Health: -9/91      AC:  5    Str: 31    XL:     10   Next: 18%
Magic:  7/12       EV: 11    Int:  9    God:    the Shining One [......]
Gold:   477        SH:  5    Dex:  9    Spells: 11/13 levels left

rFire   . .          .
                       - Unarmed
rCold   + . .        I - orb {mayhem}
rNeg    . . .        t - +0 robe {rF+}
rPois   .            (helmet restricted)
rElec   .            n - +0 cloak
rCorr   .            (gloves unavailable)
SInv    .            (boots unavailable)
Will    .....        k - amulet of reflection
Stlth   +            a - ring of ice
HPRegen 1.15/turn    g - +6 ring of strength
MPRegen 0.13/turn

%: mayhem, reflection
@: on blink cooldown, very slightly contaminated, glowing
A: large, unfitting armour, claws 3, regeneration 1, shaggy fur 1, tough skin 1
a: Renounce Religion


You were on level 8 of the Dungeon.
You worshipped the Shining One.
The Shining One was noncommittal.
You visited 2 branches of the dungeon, and saw 9 of its levels.
You also visited: Sewer.

You collected 477 gold pieces.

Inventory:

Missiles
 c - 7 boomerangs of dispersal
 v - 14 poisoned darts (quivered)
 w - a throwing net
 y - 3 silver boomerangs
 A - 5 large rocks
Armour
 n - a +0 cloak (worn)
 t - a +0 robe of fire resistance (worn)
 I - an orb of mayhem (worn)
Jewellery
 a - a ring of ice (left claw)
 f - a ring of willpower
 g - a +6 ring of strength (right claw)
 k - an amulet of reflection (around neck)
 G - a ring of ice
Wands
 o - a wand of flame (26)
 E - a wand of paralysis (20)
Scrolls
 b - 2 scrolls of blinking
 d - 3 scrolls of teleportation
 i - 2 scrolls of enchant weapon {unknown}
 p - 2 scrolls of magic mapping
 r - a scroll of fog {unknown}
 s - 6 scrolls of identify
 x - 2 scrolls of immolation {unknown}
 B - a scroll of fear {unknown}
 C - a scroll of vulnerability {unknown}
 F - a scroll of enchant armour {unknown}
 H - a scroll of silence {unknown}
 J - a scroll of noise {unknown}
Potions
 e - 2 potions of might {unknown}
 h - 4 potions of mutation {unknown}
 j - 4 potions of curing {unknown}
 l - 6 potions of heal wounds {unknown}
 m - 4 potions of lignification {unknown}
 q - a potion of brilliance {unknown}
 u - a potion of enlightenment {unknown}
 z - 2 potions of haste {unknown}
 D - a potion of berserk rage {unknown}


   Skills:
 + Level 3.5 Fighting
 + Level 4.2 Throwing
 + Level 5.2 Dodging
 + Level 3.4 Shields
 + Level 10.9 Unarmed Combat
 + Level 2.1 Spellcasting
 + Level 3.4 Translocations


You had 11 spell levels left.
You knew the following spells:

 Your Spells              Type           Power      Damage    Failure   Level
a - Blink                 Tloc           14%        N/A       12%         2

Your spell library contained the following spells:

 Spells                   Type           Power      Damage    Failure   Level
 Lesser Beckoning         Tloc           14%        N/A       12%         2
 Teleport Other           Tloc           7%         N/A       24%         3
 Vhi's Electric Charge    Tloc/Air       6%         N/A       47%         3
 Volatile Blastmotes      Fire/Tloc      6%         2d10      47%         3
 Manifold Assault         Tloc           7%         N/A       61%         4
 Dazzling Flash           Conj/Hex       0%         N/A       73%         3
 Inner Flame              Hex/Fire       0%         N/A       73%         3
 Ignite Poison            Fire/Tmut/Pois 0%         N/A       75%         3
 Iskenderun's Mystic Bla  Conj/Tloc      3%         2d3       87%         4
 Sticky Flame             Conj/Fire      0%         2d3       98%         4
 Yara's Violent Unravell  Hex/Tmut       0%         3d3       100%        5
 Starburst                Conj/Fire      0%         6d3       100%        6
 Enfeeble                 Hex            0%         N/A       100%        7
 Ignition                 Fire           0%         3d3       100%        8


Dungeon Overview and Level Annotations

Branches:
Dungeon (8/15)             Temple (1/1) D:7           Sewer (visited)
   Lair: D:8-11

Altars:
Ashenzari
Cheibriados
Elyvilon
Fedhas
Gozag
Hepliaklqana
Kikubaaqudgha
Makhleb
Nemelex Xobeh
Sif Muna
Trog
Uskayaw
Wu Jian
Xom
Zin
The Shining One

Shops:
D:4 (:


Innate Abilities, Weirdness & Mutations

You are too large for most types of armour.
You have claws for hands.
Your natural rate of healing is unusually fast.
You are covered in fur. (AC +1)
You have tough skin. (AC +1)


Message History

The yak is severely wounded.
The yak closely misses you. The yak barely misses you. The yak gores you!
The orc hits you from afar with a +0 trident.
You barely miss the yak.
The yak is severely wounded.
The yak misses you. You block the yak's attack. The yak gores you.
The orc misses you.
You completely miss the yak.
The yak is severely wounded.
The yak gores you! x2; The yak barely misses you.
The orc hits you from afar with a +0 trident!
* * * LOW HITPOINT WARNING * * *
Casting: Blink (safe; 12% risk of failure)
Confirm with . or Enter, or press ? or * to list all spells.
You blink.
The yak gores you!
* * * LOW HITPOINT WARNING * * *
The yak attacks as you move away! The yak closely misses you.
The yak attacks as you move away! The yak barely misses you.
The yak attacks as you move away! The yak closely misses you.
You feel stable enough to blink again. The yak attacks as you move away!
The yak gores you.
* * * LOW HITPOINT WARNING * * *
The yak attacks as you move away! You block the yak's attack.
Things that are here:
a +0 club; a gnoll corpse The yak attacks as you move away!
The yak gores you!
* * * LOW HITPOINT WARNING * * *
The yak attacks as you move away! The yak gores you but does no damage.
Casting: Blink (safe; 12% risk of failure)
Confirm with . or Enter, or press ? or * to list all spells.
You miscast Blink.
You are very lightly contaminated with residual magic.
Nothing appears to happen.
The yak gores you!
* * * LOW HITPOINT WARNING * * *
Unknown command.
Casting: Blink (safe; 12% risk of failure)
Confirm with . or Enter, or press ? or * to list all spells.
You blink.
The yak attacks as you move away! The yak gores you!
You die...

############..######
##.# ####'###
#......# #......##
#.......+
######......##
#........)..#
#....@Y)....#
#.....YY.####
#.......Y#
#.....o..########
#.......YoY......
#........o.......
#................
#................
#######..........


You could see 6 yaks, an orc warrior and 2 orcs.

Vanquished Creatures
  A two-headed ogre (D:7)
  The ghost of PostNTower the Martial Artist, a novice OpTm of Gozag (D:7)
  Pikel (D:6)
  Grinder (D:3)
  Sigmund (D:3)
  Menkaure (D:6)
  2 water moccasins (D:6)
  An orc warrior (D:6)
  2 sky beasts
  Pargi (Sewer)
  An ice beast (D:5)
  2 ogres
  A phantom (D:6)
  A lemure (D:6)
  A bullfrog (D:8)
  2 scorpions (D:5)
  7 wights
  3 howler monkeys
  6 hounds
  4 jellies
  2 gnoll boudas
  7 iguanas
  5 orc wizards
  5 adders
  9 gnolls
  5 white imps
  4 worms
  5 dart slugs
  20 orcs
  9 endoplasms
  3 giant cockroaches
  6 goblins
  5 hobgoblins
  10 jackals
  10 kobolds
  8 quokkas
  4 ball pythons
  5 bats
  6 frilled lizards
  5 rats
173 creatures vanquished.

Vanquished Creatures (collateral kills)
  A sky beast (D:8)
  A gnoll (D:8)
2 creatures vanquished.

Grand Total: 175 creatures vanquished

Notes
Turn   | Place    | Note
-------+----------+-------------------------------------------
     0 | D:1      | dohliylev the Troll Warper began the quest for the Orb.
     0 | D:1      | Reached XP level 1. HP: 19/19 MP: 1/1
   166 | D:1      | Reached XP level 2. HP: 23/28 MP: 2/2
   301 | D:1      | Reached skill level 1 in Throwing
   305 | D:1      | Learned a level 2 spell: Blink
   404 | D:1      | Reached XP level 3. HP: 33/35 MP: 3/3
   736 | D:2      | Found an ancient bone altar of Kikubaaqudgha.
   917 | D:2      | Reached skill level 3 in Unarmed Combat
   948 | D:2      | Reached XP level 4. HP: 40/42 MP: 4/4
  1144 | D:2      | Found a faded altar of an unknown god.
  1231 | D:3      | Noticed Grinder
  1232 | D:3      | Paralysed by Grinder for 2 turns
  1346 | D:3      | Killed Grinder
  1347 | D:3      | Reached skill level 4 in Unarmed Combat
  1347 | D:3      | Reached XP level 5. HP: 41/49 MP: 4/6
  1347 | D:3      | Reached XP level 6. HP: 47/57 MP: 4/7
  1633 | D:3      | Reached skill level 5 in Unarmed Combat
  1635 | D:3      | Noticed Sigmund
  1680 | D:3      | Killed Sigmund
  1722 | D:3      | Reached skill level 1 in Shields
  2160 | D:4      | Reached XP level 7. HP: 30/65 MP: 8/8
  2220 | D:4      | Found Qaeherro's Book Shop.
  2274 | D:4      | Reached skill level 6 in Unarmed Combat
  2398 | D:4      | Found Kerei's Weapon Shoppe.
  2843 | D:5      | Entered Level 5 of the Dungeon
  3079 | D:5      | Found a glowing drain.
  3103 | Sewer    | Entered a sewer
  3163 | Sewer    | Noticed Pargi
  3169 | Sewer    | Killed Pargi
  3498 | D:5      | Reached XP level 8. HP: 74/74 MP: 9/9
  3505 | D:5      | Reached skill level 7 in Unarmed Combat
  3511 | D:5      | Identified the +1 chain mail of Ashrad {Drain Int+5}
  3895 | D:6      | Found an ornate altar of the Wu Jian Council.
  4092 | D:6      | Reached skill level 8 in Unarmed Combat
  4154 | D:6      | Found a broken altar of Ashenzari.
  4178 | D:6      | Found an ancient bone altar of Kikubaaqudgha.
  4197 | D:6      | Noticed Pikel
  4221 | D:6      | Killed Pikel
  4222 | D:6      | Reached XP level 9. HP: 40/80 MP: 10/10
  4285 | D:6      | Noticed Menkaure
  4350 | D:6      | HP: 3/80 [Menkaure (10)]
  4351 | D:6      | Killed Menkaure
  4352 | D:6      | Reached skill level 9 in Unarmed Combat
  4943 | D:7      | Noticed PostNTower's ghost (novice OpTm)
  4943 | D:7      | Found a runed translucent door.
  5013 | D:7      | Found an opulent altar of Gozag.
  5093 | D:7      | Found a shimmering altar of Xom.
  5094 | D:7      | Found a shimmering altar of Xom.
  5102 | D:7      | Found a shimmering altar of Xom.
  5102 | D:7      | Found a shimmering altar of Xom.
  5102 | D:7      | Found a shimmering altar of Xom.
  5104 | D:7      | Found a shimmering altar of Xom.
  5104 | D:7      | Found a shimmering altar of Xom.
  5235 | D:7      | Found a sparkling altar of Nemelex Xobeh.
  5250 | D:7      | Found a staircase to the Ecumenical Temple.
  5622 | Temple   | Entered the Ecumenical Temple
  5654 | Temple   | Became a worshipper of the Shining One
  5711 | D:7      | Found a shimmering blue altar of Sif Muna.
  5750 | D:7      | Noticed a two-headed ogre
  5758 | D:7      | Killed a two-headed ogre
  5759 | D:7      | Reached skill level 10 in Unarmed Combat
  5945 | D:7      | Killed PostNTower's ghost
  5946 | D:7      | Reached skill level 5 in Dodging
  5946 | D:7      | Reached XP level 10. HP: 88/91 MP: 12/12
  6210 | D:8      | HP: 1/91 [yak (13)]
  6212 | D:8      | Mangled by a yak

Illustrated notes

Levels and vault maps discovered:
D:1:      dpeg_arrival_concentric_ovals, layout_basic, grunt_decor_junction
D:2:      layout_loops_ring, basic_altar, chequers_ecumenical_altar_grove
D:3:      layout_basic, uniq_sigmund, uniq_grinder
D:4:      layout_rooms, serial_shops, shop, serial_bayou_pond_a,
          nicolae_inconvenience_store
D:5:      layout_basic, cheibrodos_sewer_entry_sluice
D:6:      layout_basic, old_standard_altar, minitemple, uniq_menkaure,
          uniq_pikel
D:7:      layout_loops_ring, xom_redecorated, nemelex_dance_club_becter,
          grunt_gozag_statues, nicolae_overflow_hidden_temple,
          minmay_temple_entry_stoned_glass, hellmonk_ghost_happy_afterlife,
          grunt_decor_clamped
D:8:      layout_basic
Temple:   nicolae_temple_great_sept

Skill      XL: |  1  2  3  4  5  6  7  8  9 |
---------------+----------------------------+-----
Dodging        | 2 3 4 5 |  5.2
Throwing       | 1 2 4 |  4.2
Unarmed Combat | 3 4 5 6 8 10 | 10.9
Fighting       | 2 3 |  3.5
Shields        | 1 2 3 |  3.4
Translocations | 3 |  3.4
Spellcasting   | 2 |  2.1

Action                     |  1- 3 |  4- 6 |  7- 9 | 10-12 || total
---------------------------+-------+-------+-------+-------++-------
  Melee: Unarmed           |   106 |    79 |   284 |    24 ||   493
         Punch             |     3 |     4 |    10 |       ||    17
  Throw: Dart              |       |       |    42 |       ||    42
         Boomerang         |       |       |     7 |       ||     7
   Cast: Blink             |       |     3 |     7 |     2 ||    12
    Use: Scroll            |       |       |     4 |       ||     4
   Stab: Sleeping          |     1 |       |     3 |       ||     4
 Armour: Robe              |    44 |    20 |    54 |     9 ||   127
  Dodge: Dodged            |    42 |    40 |    85 |    23 ||   190
  Block: Other             |     3 |    22 |    65 |       ||    90
         Reflection        |       |     1 |     1 |       ||     2
         Orb               |       |       |       |     7 ||     7

Table legend: (Time is in decaauts)
 A = Elapsed time spent in this place.
 B = Non-inter-level travel time spent in this place.
 C = Inter-level travel time spent in this place.
 D = Time resting spent in this place.
 E = Time spent auto-exploring this place.
 F = Levels seen in this place.
 G = Mean time per level.
                   A        B        C        D        E       F      G
               +--------+--------+--------+--------+--------+-----+--------+
         Total |   6150 |   5858 |    292 |    372 |   3865 |  10 |  615.0 |
       Dungeon |   5918 |   5635 |    283 |    372 |   3777 |   8 |  739.8 |
        Temple |     42 |     33 |      9 |      0 |      1 |   1 |   42.0 |
         Sewer |    189 |    189 |      0 |      0 |     87 |   1 |  189.0 |
               +--------+--------+--------+--------+--------+-----+--------+

Top non-repeatable levels by time:
     D:6: 1194 daAuts
     D:7: 974 daAuts
     D:3: 881 daAuts
     D:4: 704 daAuts
     D:5: 689 daAuts
     D:2: 638 daAuts
     D:1: 600 daAuts
     D:8: 235 daAuts
   Sewer: 189 daAuts
  Temple: 42 daAuts
